Map: Ruins of Seras

Players

Semper

  • Race: Terran Terran
  • League: Grandmaster

Solar - Winner!

  • Race: Zerg Zerg
  • League: Gold

Event: DreamHack ROCCAT LotV Championship

VOD

Have the link to the VOD?

Description

Time

  • Played on: Nov. 26, 2015, 6:52 a.m.
  • Length: 16:55

All games in this series

Show
View Real Time Build Order
Export as new Build Order

Semper Terran 

Build Orders: Bio Mine 

Get SALT Encoding   

  12  0:01  SCV  
  13  0:13  SCV  
  14  0:18  Supply Depot  
  14  0:25  SCV  
  15  0:40  SCV  
  15  0:41  Barracks  
  16  0:46  Refinery  
  16  0:52  SCV  
  17  1:04  SCV  
  18  1:16  SCV  
  19  1:28  Orbital Command  
  19  1:29  Barracks Reactor  
  19  1:46  Command Center  
  19  1:54  SCV  
  19  1:58  Supply Depot  
  20  2:05  Marine x2  
  20  2:07  SCV  
  23  2:18  Factory  
  23  2:20  SCV  
  24  2:23  Marine  
  24  2:26  Marine  
  26  2:32  SCV  
  27  2:38  Refinery  
  27  2:42  Marine  
  27  2:44  SCV, Marine  
  30  2:56  SCV  
  31  2:59  Bunker  
  31  3:00  Orbital Command  
  31  3:09  Starport  
  31  3:13  Factory Tech Lab  
  31  3:15  SCV  
  31  3:18  Marine  
  31  3:19  Marine  
  34  3:27  SCV x2  
  34  3:32  Supply Depot  
  35  3:37  Siege Tank  
  35  3:40  SCV  
  39  3:45  Medivac  
  39  3:46  SCV  
  42  3:50  Marine x2  
  42  3:54  Supply Depot  
  44  3:59  SCV  
  44  4:01  Liberator  
  45  4:03  SCV  
  46  4:11  SCV  
  46  4:12  Supply Depot, Marine x2  
  46  4:15  SCV  
  50  4:23  SCV  
  54  4:28  SCV  
  54  4:29  Marine  
  54  4:30  Siege Tank, Marine  
  60  4:36  SCV  
  62  4:45  SCV  
  62  4:51  Command Center  
  62  4:56  SCV  
  62  4:58  SCV  
  63  5:12  SCV, Factory Reactor  
  63  5:13  Barracks  
  63  5:14  SCV, Barracks  
  64  5:16  Refinery  
  64  5:17  Refinery  
  64  5:19  Supply Depot  
  64  5:20  Supply Depot  
  65  5:23  Starport Reactor  
  65  5:25  Stimpack  
  65  5:27  Marine  
  65  5:30  SCV  
  65  5:34  Engineering Bay  
  65  5:40  SCV  
  66  5:43  SCV  
  66  5:44  Engineering Bay  
  66  5:49  Marine  
  68  6:01  SCV  
  69  6:04  Barracks  
  69  6:05  Barracks  
  69  6:07  SCV, Marine  
  69  6:09  Factory Reactor, Marine x2  
  69  6:10  Orbital Command  
  73  6:14  Terran Infantry Weapons Level 1  
  73  6:18  SCV  
  71  6:20  SCV  
  71  6:22  Supply Depot  
  72  6:29  Marine x4, Orbital Command  
  72  6:30  Marine  
  77  6:33  Medivac  
  77  6:34  Medivac  
  81  6:40  SCV  
  81  6:44  Bunker  
  82  6:47  Marine x2  
  82  6:50  SCV  
  82  6:52  SCV  
  86  6:54  SCV  
  86  6:55  Missile Turret  
  86  6:58  Missile Turret  
  86  7:01  Marine  
  86  7:02  Marine  
  86  7:03  SCV  
  86  7:04  SCV  
  86  7:06  SCV, Terran Infantry Armor Level 1  
  90  7:10  Barracks Reactor x2  
  90  7:15  Widow Mine x2  
  94  7:19  Marine x5  
  94  7:22  SCV  
  100  7:23  SCV  
  100  7:28  Supply Depot  
  100  7:29  Supply Depot  
  101  7:36  Marine  
  101  7:39  Combat Shields  
  99  7:46  Medivac x2  
  99  7:47  Marine x3  
  99  7:48  Marine  
  99  7:49  SCV  
  104  7:52  SCV  
  104  7:53  Widow Mine  
  104  7:54  Supply Depot, Marine  
  104  7:56  Widow Mine  
  104  7:58  Armory, Factory  
  110  8:05  Marine x3  
  110  8:07  Marine  
  110  8:11  Marine x4  
  110  8:12  Marine  
  119  8:14  SCV  
  119  8:15  Supply Depot  
  119  8:23  Marine x2  
  121  8:27  Refinery  
  121  8:28  Supply Depot, Marine x2  
  121  8:29  Supply Depot x2  
  122  8:35  Marine x2  
  124  8:42  Widow Mine x2  
  124  8:44  Marine x5  
  124  8:45  Factory Tech Lab  
  124  8:46  Medivac x2, Marine x2  
  124  8:47  Terran Infantry Weapons Level 2  
  139  8:50  SCV  
  139  8:51  SCV  
  139  8:53  Marine  
  142  9:02  Marine x3  
  142  9:05  SCV  
  142  9:08  Missile Turret  
  143  9:11  Command Center  
  143  9:14  Supply Depot  
  143  9:17  Marine x6  
  142  9:19  Marine  
  142  9:20  Marine x2  
  139  9:34  Marine  
  139  9:35  Marine x4  
  139  9:37  Marine  
  139  9:38  SCV x2, Marine  
  148  9:43  SCV  
  139  9:50  SCV x2  
  139  9:51  Marine  
  139  9:55  Marine x4  
  139  9:59  Widow Mine x3  
  149  10:00  Drilling Claws, Terran Infantry Armor Level 2  
  149  10:02  Command Center  
  149  10:05  Medivac x2  
  149  10:06  Marine x3  
  156  10:13  Marine x3  
  160  10:15  Barracks Reactor  
  156  10:25  Marine  
  157  10:34  Widow Mine x2  
  157  10:35  Widow Mine  
  163  10:39  Marine  
  163  10:40  Marine  
  163  10:41  Marine x4  
  166  10:43  Marine  
  159  10:52  Marine  
  159  10:53  SCV x2, Marine  
  159  10:54  SCV  
  164  10:57  Marine  
  164  10:58  Marine  
  164  10:59  Marine  
  164  11:01  Missile Turret, Marine x4  
  171  11:06  Terran Infantry Weapons Level 3  
  171  11:10  Marine  
  172  11:15  Marine x2  
  172  11:16  Marine  
  172  11:17  Marine  
  168  11:19  Marine x4  
  168  11:21  SCV, Widow Mine  
  168  11:22  Widow Mine  
  168  11:25  Orbital Command  
  177  11:28  Barracks, Marine  
  177  11:29  Widow Mine  
  177  11:31  Barracks x2  
  181  11:32  SCV  
  170  11:42  Missile Turret  
  170  11:43  Missile Turret  
  147  11:55  Marine  
  147  11:57  Marine  
  147  12:01  Marine  
  147  12:03  Orbital Command  
  147  12:06  Marine x6  
  147  12:07  Widow Mine x3  
  160  12:09  Medivac  
  160  12:13  Marine  
  160  12:15  Marine  
  164  12:19  Marine  
  164  12:20  SCV x2  
  164  12:21  SCV  
  170  12:24  Marine x5  
  170  12:25  Marine  
  170  12:26  Supply Depot x2  
  177  12:31  Marine  
  177  12:32  SCV x2  
  177  12:33  SCV, Marine  
  177  12:35  Barracks Tech Lab, Widow Mine  
  177  12:36  Barracks Reactor, Barracks Tech Lab, Widow Mine  
  183  12:40  Marine  
  183  12:42  Marine x3  
  187  12:48  Marauder  
  187  12:50  Marine x3  
  187  12:51  Marine  
  193  12:54  Marine x2  
  193  12:58  Marine  
  195  12:59  Marine  
  195  13:00  Marine x2  
  195  13:02  Medivac  
  200  13:11  Marine  
  199  13:14  Widow Mine  
  199  13:15  Medivac  
  199  13:19  Marine  
  198  13:20  Marine  
  198  13:21  Terran Infantry Armor Level 3  
  198  13:25  Command Center, Missile Turret, Marine  
  191  13:27  Marine  
  191  13:31  Widow Mine x2  
  191  13:34  Marine x4  
  196  13:40  Terran Ship Weapons Level 1  
  198  13:41  Starport  
  198  13:42  Starport, Marine  
  199  13:54  Marine  
  199  13:55  Marine  
  200  14:15  Marine x3  
  199  14:22  Widow Mine x2  
  199  14:23  Marine x6  
  200  14:25  Starport Reactor  
  200  14:29  Fusion Core  
  200  14:30  Refinery  
  200  14:31  Liberator, Starport Tech Lab  
  200  14:33  Liberator  
  200  14:40  Refinery  
  200  14:42  Liberator  
  193  15:04  Marauder, Marine  
  196  15:12  Marauder x2  
  200  15:14  Liberator  
  200  15:15  Liberator  
  200  15:20  Command Center, Liberator x2  
  200  15:25  Liberator  
  192  15:38  SCV x2  
  193  15:49  Planetary Fortress  
  193  15:50  SCV  
  193  15:53  Marauder, Marine  
  193  15:54  Marine  
  197  16:10  SCV  
  152  16:22  Marine x3  
  154  16:29  Marine x2  
  154  16:30  Marauder  
  154  16:32  Marine  
  126  16:36  Marine  
  126  16:37  Marine  
Show
View Real Time Build Order
Export as new Build Order

Solar Zerg - Winner!

Build Orders: Hatch First, Muta Ling Bane 

Get SALT Encoding   

  12  0:00  Drone  
  13  0:12  Overlord  
  13  0:18  Drone  
  14  0:31  Drone x2  
  14  0:34  Drone  
  17  0:52  Hatchery  
  17  0:56  Drone  
  17  1:00  Drone  
  18  1:06  Extractor  
  18  1:07  Drone  
  18  1:18  Spawning Pool  
  17  1:21  Drone  
  18  1:29  Drone  
  19  1:40  Overlord  
  19  2:04  Zergling x2  
  19  2:05  Queen x2, Zergling x2  
  19  2:06  Metabolic Boost  
  25  2:10  Drone  
  25  2:12  Drone  
  27  2:17  Drone  
  28  2:25  Drone  
  28  2:26  Drone  
  30  2:38  Drone  
  30  2:39  Overlord  
  30  2:41  Queen  
  33  2:44  Drone  
  33  2:47  Drone  
  35  2:56  Drone  
  35  2:58  Drone  
  36  3:05  Hatchery  
  35  3:06  Drone  
  35  3:09  Drone  
  37  3:14  Drone x3  
  37  3:17  Overlord  
  37  3:19  Drone  
  41  3:22  Drone  
  41  3:26  Drone  
  43  3:28  Overlord  
  43  3:36  Drone x2  
  43  3:39  Drone  
  46  3:44  Overlord  
  46  3:45  Drone x4  
  46  3:46  Drone  
  51  3:50  Queen  
  51  3:55  Baneling Nest  
  52  3:57  Drone x2  
  52  3:59  Drone  
  55  4:05  Evolution Chamber  
  55  4:07  Evolution Chamber, Drone  
  55  4:09  Extractor x2  
  52  4:11  Drone  
  53  4:18  Drone  
  53  4:19  Drone  
  53  4:20  Drone x5  
  60  4:26  Queen  
  60  4:27  Drone  
  60  4:30  Zergling x6  
  66  4:37  Zergling x2  
  66  4:40  Zergling x2  
  66  4:41  Zergling x2  
  67  4:46  Zergling x2  
  68  4:53  Zergling x4  
  68  4:58  Queen  
  70  5:01  Zerg Ground Armor Level 1  
  70  5:02  Drone, Zerg Melee Weapons Level 1  
  70  5:04  Drone x2  
  70  5:05  Overlord  
  73  5:07  Overlord  
  73  5:11  Lair  
  73  5:14  Overlord  
  73  5:16  Overlord  
  73  5:21  Overlord  
  73  5:23  Drone x3  
  73  5:24  Drone x2  
  78  5:29  Drone x2  
  78  5:30  Drone  
  78  5:34  Drone x4  
  85  5:36  Zergling x2  
  85  5:37  Zergling x4  
  85  5:39  Zergling x2  
  85  5:40  Zergling x2  
  90  5:48  Hatchery  
  90  5:49  Extractor x2  
  87  5:55  Spore Crawler, Zergling x8  
  86  6:04  Zergling x4  
  87  6:10  Drone x2, Centrifical Hooks  
  89  6:11  Overlord  
  89  6:13  Zergling x10  
  89  6:17  Drone x2, Zergling x2  
  89  6:18  Zergling x2  
  96  6:21  Drone  
  96  6:23  Zergling x2  
  96  6:25  Overseer  
  98  6:27  Baneling x2  
  98  6:28  Baneling x5  
  98  6:30  Zergling x2, Baneling  
  98  6:31  Zergling x2  
  100  6:33  Baneling  
  100  6:38  Spire  
  100  6:39  Drone x2  
  101  6:41  Drone, Extractor  
  101  6:43  Zergling x8  
  101  6:45  Zergling x2  
  101  6:46  Zergling x2  
  106  6:50  Drone  
  106  6:51  Drone x3  
  110  6:58  Drone x2  
  110  7:01  Drone  
  113  7:05  Overlord  
  113  7:07  Hatchery  
  112  7:08  Overlord x2  
  112  7:16  Zerg Ground Armor Level 2  
  112  7:17  Zerg Melee Weapons Level 2  
  112  7:23  Drone x5  
  117  7:35  Overlord  
  117  7:37  Overlord  
  117  7:41  Zergling x22  
  125  7:50  Overlord  
  124  7:52  Mutalisk x2  
  124  7:53  Mutalisk x3  
  134  7:59  Overseer  
  134  8:02  Mutalisk x3  
  134  8:05  Mutalisk x2  
  144  8:13  Extractor  
  144  8:15  Drone x7  
  144  8:17  Overlord  
  148  8:21  Baneling x10  
  148  8:22  Zergling x2  
  148  8:23  Zergling x2  
  150  8:32  Zerg Flyer Weapons Level 1  
  149  8:34  Queen  
  149  8:35  Zergling x12  
  156  8:43  Overlord  
  156  8:44  Drone, Overlord  
  156  8:45  Overlord  
  156  8:47  Overlord  
  157  8:50  Overlord  
  157  8:59  Overlord  
  157  9:02  Mutalisk x2  
  159  9:03  Zergling x4  
  159  9:04  Zergling x16  
  159  9:09  Baneling x10  
  169  9:12  Zergling x2  
  169  9:13  Zergling x8  
  174  9:21  Zergling x16  
  182  9:26  Zergling x10  
  182  9:30  Zergling x6  
  182  9:33  Baneling x8  
  182  9:34  Baneling x2  
  182  9:35  Baneling  
  182  9:36  Baneling x5  
  174  9:50  Mutalisk x8  
  175  9:54  Zergling x4  
  177  10:02  Baneling x10  
  177  10:09  Zergling x4  
  177  10:10  Zergling x12  
  177  10:12  Hatchery  
  174  10:21  Overseer  
  174  10:22  Zergling x2  
  174  10:23  Zergling x8  
  174  10:26  Zergling x2  
  174  10:27  Overseer, Zergling x18  
  189  10:28  Overlord  
  189  10:34  Infestation Pit  
  188  10:35  Zergling x2  
  188  10:36  Zergling x10  
  188  10:40  Zergling x2  
  188  10:41  Zergling x4  
  188  10:45  Zergling x2  
  189  10:53  Baneling  
  189  10:54  Baneling x22  
  189  11:02  Zergling x20  
  199  11:06  Zergling x8  
  199  11:08  Queen  
  196  11:14  Zergling x12  
  199  11:19  Overseer  
  199  11:20  Overlord  
  199  11:23  Hive  
  192  11:39  Zergling x12  
  199  11:40  Zergling x6  
  168  11:55  Zergling x2  
  168  11:56  Zergling x20  
  168  11:58  Zergling x2  
  168  11:59  Zergling x18  
  186  12:05  Baneling  
  186  12:06  Baneling x19  
  171  12:17  Baneling  
  171  12:18  Zergling x18, Baneling x3  
  180  12:24  Zergling x8  
  182  12:35  Ultralisk Cavern  
  181  12:38  Zerg Ground Armor Level 3  
  181  12:39  Zerg Melee Weapons Level 3  
  181  12:44  Adrenal Glands  
  180  12:46  Drone x2  
  180  12:47  Drone  
  183  12:51  Extractor  
  182  13:01  Baneling x9  
  167  13:10  Overlord  
  167  13:11  Zergling x10  
  167  13:12  Zergling x20  
  181  13:18  Baneling x5  
  177  13:25  Chitinous Plating  
  177  13:28  Ultralisk  
  177  13:31  Baneling x6  
  183  13:38  Zergling x2  
  183  13:39  Zergling x6  
  183  13:40  Overlord x2  
  183  13:41  Overlord  
  187  13:45  Overlord  
  187  13:51  Ultralisk x2  
  187  13:55  Spine Crawler  
  186  13:56  Spore Crawler  
  186  14:02  Ultralisk  
  191  14:04  Ultralisk  
  191  14:07  Baneling x4  
  193  14:22  Ultralisk, Zergling x12  
  193  14:23  Zergling x6  
  195  14:35  Overseer  
  194  14:38  Hatchery  
  194  14:42  Zergling x10  
  194  14:43  Zergling x8  
  199  14:48  Baneling x7  
  193  15:02  Ultralisk, Zergling x2  
  200  15:09  Extractor  
  200  15:11  Overlord, Baneling x16  
  199  15:16  Baneling  
  199  15:17  Baneling x6  
  199  15:22  Pneumatized Carapace  
  191  15:38  Zergling x20  
  198  15:49  Baneling x5  
  198  15:50  Baneling  
  187  16:18  Zergling x18  
  192  16:27  Zergling x28  
  192  16:28  Zergling x2  

Tags
 
Add a new tag
Caveats
  • Supply blocks, unpowered buildings, or Contaminate may cause inaccurate times.
  • Supply counts are checked every 10 seconds.